TOP OF THE 1ST |
Cleveland Spiders batting - Pitching for Kansas City Royals : LHP Dave LaPoint
|
Pitching: LHP Dave LaPoint
|
|
Batting: SHB Bump Wills
|
0-0: Ball 1-0: Ball 2-0: Ball 3-0: Called Strike 3-1: Swinging Strike 3-2: SINGLE (Groundball, 6MD, EV 97.5 MPH)
|
Batting: RHB Tom Brunansky
|
0-0: Called Strike Bump Wills steals 2nd base 0-1: Ball 1-1: Foul Ball, location: 2F 1-2: Foul Ball, location: 2F 1-2: Foul Ball, location: 2F 1-2: Ground out 6-3 (Groundball, 6, EV 100.0 MPH)
|
Batting: SHB Salvador Perez
|
0-0: Ball Bump Wills steals 3rd base 1-0: Ball 2-0: Called Strike 2-1: Called Strike 2-2: Strikes out looking
|
Batting: RHB Clayton Elliott
|
0-0: Ground out U3 (Groundball, 34, EV 78.1 MPH)
|
Top of the 1st over - 0 runs, 1 hit, 0 errors, 1 left on base; Cleveland 0 - Kansas City 0 |
BOTTOM OF THE 1ST |
Kansas City Royals batting - Pitching for Cleveland Spiders : RHP Dirceu Miro
|
Pitching: RHP Dirceu Miro
|
|
Batting: RHB Rickey Henderson
|
0-0: Swinging Strike 0-1: Reached on error, E3 (Groundball, 3, EV 83.8 MPH)
|
Batting: LHB Gene Richards
|
0-0: Ball 1-0: Ball 2-0: Ball 3-0: Called Strike 3-1: Base on Balls Rickey Henderson to second
|
Batting: RHB Bob Horner
|
0-0: Foul Ball, location: 2F 0-1: Fly out, F8 (Flyball, 8LS, EV 91.9 MPH)
|
Batting: RHB Gary Carter
|
0-0: Ball 1-0: Foul Ball, location: 2F 1-1: Ball 2-1: Foul Ball, location: 2F 2-2: SINGLE (Line Drive, 7S, EV 103.8 MPH) Rickey Henderson to third Gene Richards to second Runner from 3rd tries for Home, SAFE, throw by LF to home
|
Batting: RHB Lloyd McClendon
|
0-0: Called Strike 0-1: Ball 1-1: Ball Gene Richards steals 3rd base Gary Carter to second 2-1: Ground out 6-3 (Groundball, 6, EV 87.5 MPH) Gene Richards scores
|
Batting: RHB Jeffrey Leonard
|
0-0: Ball 1-0: Ball 2-0: Ball 3-0: Called Strike 3-1: Base on Balls
|
Batting: LHB Rick Manning
|
0-0: Ball 1-0: SINGLE (Groundball, 3S, EV 72.5 MPH) (infield hit) Gary Carter to third Jeffrey Leonard to second
|
Batting: LHB Alvin Davis
|
0-0: Called Strike 0-1: Ball 1-1: SINGLE (Flyball, 4D, EV 96.3 MPH) Gary Carter scores Jeffrey Leonard to third Rick Manning to second Runner from 3rd tries for Home, throw by CF and OUT! 8-2
|
Bottom of the 1st over - 3 runs, 3 hits, 1 error, 2 left on base; Cleveland 0 - Kansas City 3 |
TOP OF THE 2ND |
Cleveland Spiders batting - Pitching for Kansas City Royals : LHP Dave LaPoint
|
Batting: RHB Randy Elliott
|
0-0: Called Strike 0-1: Swinging Strike 0-2: Fly out, F9 (Flyball, 9, EV 73.8 MPH)
|
Batting: RHB Alan Trammell
|
0-0: Called Strike 0-1: Ground out 4-3 (Groundball, 4, EV 105.0 MPH)
|
Batting: RHB Cressy Pratt
|
0-0: Ground out 6-3 (Groundball, 6S, EV 66.3 MPH)
|
Top of the 2nd over - 0 runs, 0 hits, 0 errors, 0 left on base; Cleveland 0 - Kansas City 3 |
BOTTOM OF THE 2ND |
Kansas City Royals batting - Pitching for Cleveland Spiders : RHP Dirceu Miro
|
Batting: LHB Brad Mills
|
0-0: Called Strike 0-1: Ball 1-1: Ball 2-1: Foul Ball, location: 2F 2-2: Strikes out swinging
|
Batting: RHB Rickey Henderson
|
0-0: SINGLE (Flyball, 4D, EV 87.5 MPH)
|
Batting: LHB Gene Richards
|
0-0: Ball 1-0: Called Strike 1-1: Fly out, F7 (Line Drive, 7, EV 91.3 MPH)
|
Batting: RHB Bob Horner
|
0-0: Called Strike 0-1: Ball 1-1: Swinging Strike 1-2: Foul Ball, location: 2F 1-2: 2-RUN HOME RUN (Flyball, 7LD, EV 103.1 MPH), Distance : 369 ft
|
Batting: RHB Gary Carter
|
0-0: Ground out 6-3 (Groundball, 6, EV 79.4 MPH)
|
Bottom of the 2nd over - 2 runs, 2 hits, 0 errors, 0 left on base; Cleveland 0 - Kansas City 5 |
TOP OF THE 3RD |
Cleveland Spiders batting - Pitching for Kansas City Royals : LHP Dave LaPoint
|
Batting: RHB Lance Parrish
|
0-0: Ball 1-0: Ball 2-0: Fly out, F8 (Line Drive, 8RM, EV 107.5 MPH)
|
Batting: RHB Jesse Barfield
|
0-0: Ball 1-0: Called Strike 1-1: Called Strike 1-2: Fly out, F6 (Popup, 6MD, EV 68.1 MPH)
|
Batting: SHB Bump Wills
|
0-0: SINGLE (Groundball, 6M, EV 100.0 MPH)
|
Batting: RHB Tom Brunansky
|
0-0: Swinging Strike 0-1: Ball 1-1: Ball 2-1: Ball 3-1: Called Strike 3-2: Base on Balls Bump Wills to second
|
Batting: SHB Salvador Perez
|
0-0: Foul Ball, location: 2F 0-1: Fly out, F8 (Flyball, 8RS, EV 92.5 MPH)
|
Top of the 3rd over - 0 runs, 1 hit, 0 errors, 2 left on base; Cleveland 0 - Kansas City 5 |
BOTTOM OF THE 3RD |
Kansas City Royals batting - Pitching for Cleveland Spiders : RHP Dirceu Miro
|
Batting: RHB Lloyd McClendon
|
0-0: Ball 1-0: Called Strike 1-1: Foul Ball, location: 2F 1-2: Ball 2-2: Ground out 4-3 (Groundball, 4, EV 99.4 MPH)
|
Batting: RHB Jeffrey Leonard
|
0-0: SOLO HOME RUN (Flyball, 7D, EV 106.9 MPH), Distance : 377 ft
|
Batting: LHB Rick Manning
|
0-0: Ground out 4-3 (Groundball, 34, EV 77.5 MPH)
|
Batting: LHB Alvin Davis
|
0-0: Foul Ball, location: 2F 0-1: Foul Ball, location: 2F 0-2: Ball 1-2: Ball 2-2: Strikes out swinging
|
Bottom of the 3rd over - 1 run, 1 hit, 0 errors, 0 left on base; Cleveland 0 - Kansas City 6 |
TOP OF THE 4TH |
Cleveland Spiders batting - Pitching for Kansas City Royals : LHP Dave LaPoint
|
Batting: RHB Clayton Elliott
|
0-0: Called Strike 0-1: Called Strike 0-2: Ball 1-2: Foul Ball, location: 2F 1-2: Strikes out swinging, 2-3 out at first.
|
Batting: RHB Randy Elliott
|
0-0: Ball 1-0: Called Strike 1-1: Ball 2-1: Ball 3-1: Foul Ball, location: 2F 3-2: Base on Balls
|
Batting: RHB Alan Trammell
|
0-0: Grounds into double play, 4-6-3 (Groundball, 4, EV 99.4 MPH)
|
Top of the 4th over - 0 runs, 0 hits, 0 errors, 0 left on base; Cleveland 0 - Kansas City 6 |
BOTTOM OF THE 4TH |
Kansas City Royals batting - Pitching for Cleveland Spiders : RHP Dirceu Miro
|
Batting: LHB Brad Mills
|
0-0: Called Strike 0-1: Ball 1-1: Foul Ball, location: 2F 1-2: Ball 2-2: Foul Ball, location: 2F 2-2: DOUBLE (Line Drive, 89D, EV 106.9 MPH)
|
Batting: RHB Rickey Henderson
|
0-0: Ball Wild Pitch! Brad Mills to third 1-0: Called Strike 1-1: SINGLE (Groundball, 6D, EV 106.3 MPH) Brad Mills scores
|
Pitching: RHP Jack Lazorko
|
|
Batting: LHB Gene Richards
|
0-0: Swinging Strike 0-1: Ball 1-1: Swinging Strike 1-2: Ball 2-2: Fielders Choice at 2nd, 3-6 (Groundball, 13, EV 85.6 MPH)
|
Batting: RHB Bob Horner
|
0-0: Called Strike 0-1: Swinging Strike 0-2: Strikes out swinging Gene Richards steals 2nd base Batter strikes out.
|
Batting: RHB Gary Carter
|
0-0: Ball 1-0: Ground out 2-3 (Groundball, 15S, EV 71.9 MPH)
|
Bottom of the 4th over - 1 run, 2 hits, 0 errors, 1 left on base; Cleveland 0 - Kansas City 7 |
TOP OF THE 5TH |
Cleveland Spiders batting - Pitching for Kansas City Royals : LHP Dave LaPoint
|
Pitching: RHP Donald Moore
|
|
Batting: RHB Cressy Pratt
|
0-0: Ball 1-0: Swinging Strike 1-1: Ball 2-1: Ball 3-1: Base on Balls
|
Batting: RHB Lance Parrish
|
0-0: Ball 1-0: Called Strike 1-1: Foul Ball, location: 2F 1-2: Ball 2-2: Strikes out swinging
|
Batting: RHB Jesse Barfield
|
0-0: Called Strike 0-1: Grounds into double play, 6-4-3 (Groundball, 6, EV 76.9 MPH)
|
Top of the 5th over - 0 runs, 0 hits, 0 errors, 0 left on base; Cleveland 0 - Kansas City 7 |
BOTTOM OF THE 5TH |
Kansas City Royals batting - Pitching for Cleveland Spiders : RHP Jack Lazorko
|
Batting: RHB Lloyd McClendon
|
0-0: Ground out 1-3 (Groundball, 13S, EV 76.3 MPH)
|
Batting: RHB Jeffrey Leonard
|
0-0: SOLO HOME RUN (Flyball, 7LD, EV 102.5 MPH), Distance : 348 ft
|
Batting: LHB Rick Manning
|
0-0: Fly out, F9 (Flyball, 89D, EV 97.5 MPH)
|
Batting: LHB Alvin Davis
|
0-0: Ball 1-0: Ball 2-0: Swinging Strike 2-1: Foul Ball, location: 2F 2-2: Ball 3-2: Foul Ball, location: 2F 3-2: Ground out 3-1 (Groundball, 34, EV 90.0 MPH)
|
Bottom of the 5th over - 1 run, 1 hit, 0 errors, 0 left on base; Cleveland 0 - Kansas City 8 |
TOP OF THE 6TH |
Cleveland Spiders batting - Pitching for Kansas City Royals : RHP Donald Moore
|
Batting: SHB Bump Wills
|
0-0: Swinging Strike 0-1: Ball 1-1: Swinging Strike 1-2: Strikes out swinging
|
Batting: RHB Tom Brunansky
|
0-0: Ball 1-0: Called Strike 1-1: Swinging Strike 1-2: Ball 2-2: Ball 3-2: Strikes out looking
|
Batting: SHB Salvador Perez
|
0-0: Fly out, F8 (Flyball, 78XD, EV 91.9 MPH)
|
Top of the 6th over - 0 runs, 0 hits, 0 errors, 0 left on base; Cleveland 0 - Kansas City 8 |
BOTTOM OF THE 6TH |
Kansas City Royals batting - Pitching for Cleveland Spiders : RHP Jack Lazorko
|
Batting: LHB Brad Mills
|
0-0: Ball 1-0: Ball 2-0: Ball 3-0: Base on Balls
|
Pinch Hitting: LHB Kerry Dineen
|
0-0: Ball 1-0: Ball 2-0: Swinging Strike 2-1: Foul Ball, location: 2F 2-2: Foul Ball, location: 2F 2-2: Strikes out swinging
|
Pinch Hitting: LHB Jim Eisenreich
|
0-0: Grounds into double play, 5-4-3 (Groundball, 5, EV 84.4 MPH)
|
Bottom of the 6th over - 0 runs, 0 hits, 0 errors, 0 left on base; Cleveland 0 - Kansas City 8 |
TOP OF THE 7TH |
Cleveland Spiders batting - Pitching for Kansas City Royals : RHP Donald Moore
|
Now in CF: Kerry Dineen
|
|
Now in RF: Jim Eisenreich
|
|
Pinch Hitting: RHB Reyes Carrion
|
0-0: Swinging Strike 0-1: Swinging Strike 0-2: Strikes out swinging
|
Batting: RHB Randy Elliott
|
0-0: Called Strike 0-1: Foul Ball, location: 2F 0-2: Fly out, F4 (Popup, 34S, EV 76.9 MPH)
|
Pinch Hitting: RHB Mark Hopper
|
0-0: Called Strike 0-1: Swinging Strike 0-2: Ball 1-2: Foul Ball, location: 2F 1-2: Strikes out looking
|
Top of the 7th over - 0 runs, 0 hits, 0 errors, 0 left on base; Cleveland 0 - Kansas City 8 |
BOTTOM OF THE 7TH |
Kansas City Royals batting - Pitching for Cleveland Spiders : RHP Jack Lazorko
|
Now at 3B: Mark Hopper
|
|
Now at SS: Reyes Carrion
|
|
Pinch Hitting: RHB Eddie Gates
|
0-0: Ball 1-0: Ball 2-0: Ball 3-0: Called Strike 3-1: Called Strike 3-2: Foul Ball, location: 2F 3-2: Ground out 4-3 (Groundball, 4, EV 86.9 MPH)
|
Pinch Hitting: RHB Al Minker
|
0-0: Ball 1-0: Ball 2-0: Called Strike 2-1: Swinging Strike 2-2: Ball 3-2: Strikes out swinging
|
Batting: RHB Lloyd McClendon
|
0-0: Called Strike 0-1: Ground out 6-3 (Groundball, 4MS, EV 86.9 MPH)
|
Bottom of the 7th over - 0 runs, 0 hits, 0 errors, 0 left on base; Cleveland 0 - Kansas City 8 |
TOP OF THE 8TH |
Cleveland Spiders batting - Pitching for Kansas City Royals : RHP Donald Moore
|
Now at 1B: Al Minker
|
|
Now at 3B: Eddie Gates
|
|
Batting: RHB Cressy Pratt
|
0-0: Ball 1-0: SINGLE (Groundball, 34S, EV 67.5 MPH) (infield hit)
|
Batting: RHB Lance Parrish
|
0-0: Hit by Pitch Cressy Pratt to second
|
Batting: RHB Jesse Barfield
|
0-0: Ball 1-0: Called Strike 1-1: Ball 2-1: Foul Ball, location: 2F 2-2: Foul Ball, location: 2F 2-2: Foul Ball, location: 2F 2-2: Strikes out swinging
|
Pinch Hitting: LHB Michael Barnes
|
0-0: Called Strike 0-1: Foul Ball, location: 2F 0-2: Ball 1-2: Strikes out looking
|
Pinch Hitting: LHB Terry Puhl
|
0-0: Called Strike Balk! Cressy Pratt to third Lance Parrish to second 0-1: Ball 1-1: Ball 2-1: Ball 3-1: Base on Balls
|
Batting: RHB Henry Torres
|
0-0: Called Strike 0-1: Ball 1-1: Swinging Strike 1-2: Fielders Choice at 2nd, 6-4 (Groundball, 6, EV 105.6 MPH)
|
Top of the 8th over - 0 runs, 1 hit, 0 errors, 3 left on base; Cleveland 0 - Kansas City 8 |
BOTTOM OF THE 8TH |
Kansas City Royals batting - Pitching for Cleveland Spiders : RHP Jack Lazorko
|
Now at 2B: Michael Barnes
|
|
Now in RF: Terry Puhl
|
|
Pinch Hitting: RHB Charlie O'Brien
|
0-0: Ball 1-0: Ball 2-0: Ball 3-0: Base on Balls
|
Pitching: RHP Greg A Harris
|
|
Pinch Hitting: RHB Alberto Gonzalez
|
0-0: Foul Ball, location: 2F 0-1: Called Strike 0-2: Ball 1-2: Ball 2-2: Strikes out swinging
|
Batting: RHB Cesare Pierpaoli
|
0-0: Grounds into double play, 6-4-3 (Groundball, 6, EV 85.0 MPH)
|
Bottom of the 8th over - 0 runs, 0 hits, 0 errors, 0 left on base; Cleveland 0 - Kansas City 8 |
TOP OF THE 9TH |
Cleveland Spiders batting - Pitching for Kansas City Royals : RHP Donald Moore
|
Now at SS: Alberto Gonzalez
|
|
Now in LF: Charlie O'Brien
|
|
Batting: RHB Reyes Carrion
|
0-0: Called Strike 0-1: Ground out 1-3 (Groundball, P, EV 63.8 MPH)
|
Pinch Hitting: RHB Jordan Ventura
|
0-0: Ball 1-0: Ball 2-0: Foul Ball, location: 2F 2-1: SINGLE (Groundball, 56D, EV 108.8 MPH)
|
Pitching: RHP Bob Welch
|
|
Batting: RHB Mark Hopper
|
0-0: Called Strike 0-1: Ball 1-1: SINGLE (Line Drive, 89S, EV 92.5 MPH) Jordan Ventura to second
|
Pinch Hitting: LHB Angel Matos
|
0-0: Ball 1-0: Ball 2-0: SINGLE (Flyball, 78S, EV 96.3 MPH) Jordan Ventura to third Mark Hopper to second
|
Batting: RHB Lance Parrish
|
0-0: Foul Ball, location: 2F 0-1: Ball 1-1: Ball 2-1: Grounds into double play, 4-6-3 (Groundball, 4M, EV 81.9 MPH)
|
Top of the 9th over - 0 runs, 3 hits, 0 errors, 2 left on base; Cleveland 0 - Kansas City 8 |
|